 Dungeon Crawl Stone Soup version 0.26-b1-32-g5d43845318 (webtiles) character file.

Game seed: 8633330958368065265

282 Dirian the Chopper (level 6, 0/53 HPs)
             Began as a Minotaur Fighter on Jan 8, 2021.
             Slain by Duvessa
             ... wielding a +4 rapier of speed
              (10 damage)
             ... on level 4 of the Dungeon.
             The game lasted 00:04:16 (2780 turns).

Dirian the Chopper (Minotaur Fighter)               Turns: 2780, Time: 00:04:17

Health: 0/53       AC:  7    Str: 23    XL:     6   Next: 6%
Magic:  5/5        EV:  7    Int:  5    God:
Gold:   113        SH: 10    Dex: 15    Spells: 5/5 levels left

rFire    . . .     SeeInvis .   a - +1 war axe
rCold    . . .     Faith    .   c - +0 kite shield
rNeg     . . .     Spirit   .   b - +0 scale mail
rPois    +         Reflect  .   (helmet restricted)
rElec    .         Harm     .   (no cloak)
rCorr    .         Rampage  .   (no gloves)
Will     .....                  (no boots)
Stlth    ..........             (no amulet)
HPRegen  0.17/turn              p - +6 ring of dexterity
MPRegen  0.09/turn              w - ring of poison resistance

@: mighty
A: retaliatory headbutt, horns 2
a: no special abilities


You were on level 4 of the Dungeon.
You visited 1 branch of the dungeon, and saw 4 of its levels.

You collected 113 gold pieces.

Inventory:

Hand Weapons
 a - a +1 war axe (weapon)
 k - a +0 hand axe
Armour
 b - a +0 scale mail (worn)
 c - a +0 kite shield (worn)
Jewellery
 p - a +6 ring of dexterity (left hand)
 w - a ring of poison resistance (right hand)
Scrolls
 t - a scroll of teleportation
 x - a scroll of remove curse
Potions
 e - 2 potions of flight
 f - 2 potions of attraction
 h - a potion of lignification
 j - 2 potions of heal wounds {unknown}
 l - 2 potions of degeneration {unknown}
 m - a potion of curing {unknown}
 q - a potion of haste {unknown}
 s - a potion of invisibility {unknown}


   Skills:
 + Level 4.6 Fighting
 + Level 5.4 Axes
 + Level 4.9 Armour
 + Level 4.8 Shields


You had 5 spell levels left.
You didn't know any spells.
Your spell library was empty.

Dungeon Overview and Level Annotations

Branches:
Dungeon (4/15)
 Temple: D:4-7

Altars:
Fedhas
Kikubaaqudgha
Okawaru
Sif Muna

Annotations:
D:4 Dowan, Duvessa


Innate Abilities, Weirdness & Mutations

You reflexively headbutt those who attack you in melee.
You have a pair of horns on your head.


Message History

You block Duvessa's attack.
Duvessa says, "Where magic fails, the sword succeeds!"
Duvessa hits you with a +4 rapier of speed!
You feel very mighty all of a sudden.
Duvessa says, "My weaknesses are his strengths!"
Duvessa hits you with a +4 rapier of speed.
You slash the orc!
You kill the orc!
Your shield and scale mail prevent you from hitting Duvessa.
You block Duvessa's attack.
Dowan smirks and points a slender finger.
Dowan casts a spell.
Dowan blinks!
You block Duvessa's attack.
You hit Duvessa.
Duvessa is lightly wounded.
You block Duvessa's attack.
Duvessa hits you with a +4 rapier of speed!
* * * LOW HITPOINT WARNING * * *
Duvessa hits you with a +4 rapier of speed!
You die...

.# .# #.# #.#
#.#
######.####
#.)@e§....#
#.###...#.#
.. #<..#.#
...
###.....#####
...
+............
..
###.<...#####
. ........#
##.#.###.#
#.#$# .#


You could see Duvessa (fast).

Vanquished Creatures
  A hound (D:4)
  An orc wizard (D:2)
  8 gnolls
  4 adders
  An ooze (D:3)
  3 worms
  3 dart slugs
  2 leopard geckos
  5 orcs
  3 giant cockroaches
  4 goblins (D:1)
  18 hobgoblins
  11 jackals
  7 kobolds
  6 bats
  6 frilled lizards
  6 rats
89 creatures vanquished.

Vanquished Creatures (others)
  4 withered plants (D:2)
4 creatures vanquished.

Grand Total: 93 creatures vanquished

Notes
Turn   | Place    | Note
-------+----------+-------------------------------------------
     0 | D:1      | Dirian the Minotaur Fighter began the quest for the Orb.
     0 | D:1      | Reached XP level 1. HP: 19/19 MP: 0/0
    25 | D:1      | Reached XP level 2. HP: 24/27 MP: 1/1
   235 | D:1      | Found an iron altar of Okawaru.
   453 | D:1      | Reached XP level 3. HP: 33/33 MP: 2/2
   486 | D:1      | Reached skill level 3 in Axes
   722 | D:2      | Found a faded altar of an unknown god.
   789 | D:2      | Reached XP level 4. HP: 26/40 MP: 3/3
   800 | D:2      | Reached skill level 4 in Axes
  1100 | D:2      | Reached XP level 5. HP: 47/47 MP: 4/4
  1651 | D:2      | Found a blossoming altar of Fedhas.
  1654 | D:2      | Found an ancient bone altar of Kikubaaqudgha.
  1730 | D:2      | Became a worshipper of Sif Muna the Loreminder
  1730 | D:2      | Reached * piety under Sif Muna
  1731 | D:2      | Fell from the grace of Sif Muna
  1982 | D:3      | Reached skill level 5 in Axes
  2687 | D:4      | Noticed Duvessa
  2687 | D:4      | Noticed Dowan
  2691 | D:4      | Reached XP level 6. HP: 45/53 MP: 5/5
  2780 | D:4      | Slain by Duvessa

Illustrated notes

Levels and vault maps discovered:
D:1:      nicolae_arrival_memento_mori, layout_loops_ring,
          minmay_misc_feat_plants, okawaru_ov_weapons_minmay
D:2:      layout_basic, grunt_temple_overflow_growth_and_decay,
          chequers_ecumenical_altar_simple, kennysheep_generic_room_13
D:3:      layout_basic, minmay_misc_feat_tiny
D:4:      layout_loops_corners, lemuel_coloured_pillars_altar,
          minmay_temple_entry_mini_moons, serial_shops, shop, uniq_ijyb,
          uniq_duvessa

Skill      XL: |  1  2  3  4  5 |
---------------+----------------+-----
Fighting       | 4 |  4.6
Shields        | 4 |  4.8
Armour         | 4 |  4.9
Axes           | 3 4 5 |  5.4

Action                   |  1- 3 |  4- 6 || total
-------------------------+-------+-------++-------
Melee: War axe           |    61 |   108 ||   169
       Headbutt          |     7 |    10 ||    17
Invok: Renounce Religion |       |     1 ||     1
  Use: Scroll            |       |     8 ||     8
       Potion            |       |     1 ||     1
Armor: Scale mail        |    28 |    43 ||    71
Dodge: Dodged            |    25 |    23 ||    48
Block: Kite shield       |    31 |    60 ||    91
